 Dungeon Crawl Stone Soup version 0.30-a0-137-gd8773701ce (webtiles) character file.

Game seed: 4443927775889980289

161 jimonade the Shooter (level 5, -8/38 HPs)
             Began as a Formicid Hunter on Sept 21, 2022.
             Mangled by an ogre
             ... wielding a +0 giant club
              (20 damage)
             ... on level 4 of the Dungeon.
             The game lasted 00:04:30 (3507 turns).

jimonade the Shooter (Formicid Hunter)              Turns: 3507, Time: 00:04:31

Health: -8/38      AC: 11    Str: 25    XL:     5   Next: 70%
Magic:  5/5        EV:  9    Int:  9    God:
Gold:   202        SH:  0    Dex: 24    Spells: 4/4 levels left

rFire   . . .      SeeInvis +    a - +0 shortbow
rCold   . . .      Faith    .    (no shield)
rNeg    . . .      Spirit   .    x - +0 chain mail of Claustrophobia {-Tele rPois Str+4 Dex+5}
rPois   +          Reflect  .    (helmet unavailable)
rElec   .          Harm     .    C - +1 cloak {Will+}
rCorr   .          Rampage  .    E - +0 pair of gloves
Will    +....                    (no boots)
Stlth   ..........               (no amulet)
HPRegen 0.12/turn                r - +6 ring of strength
MPRegen 0.09/turn                (no ring)

@: no status effects
A: permanent stasis, dig shafts and tunnels, antennae 3, four strong arms
a: Dig, Shaft Self


You were on level 4 of the Dungeon.
You visited 1 branch of the dungeon, and saw 4 of its levels.

You collected 202 gold pieces.

Inventory:

Hand Weapons
 a - a +0 shortbow (weapon)
 w - a +4 spear of venom
 D - a +0 sling
Missiles
 o - 18 poisoned darts
 z - 3 atropa-tipped darts
Armour
 c - a +0 leather armour
 x - the +0 chain mail of Claustrophobia (worn) {-Tele rPois Str+4 Dex+5}
   (You found it on level 3 of the Dungeon)

   Str:       It affects your strength (+4).
   Dex:       It affects your dexterity (+5).
   rPois:     It protects you from poison.
   -Tele:     It prevents most forms of teleportation.
 C - a +1 cloak of willpower (worn)
 E - a +0 pair of gloves (worn)
Jewellery
 j - an amulet of faith
 r - a +6 ring of strength (left hand)
Wands
 n - a wand of iceblast (12)
Scrolls
 b - a scroll of immolation
 d - 3 scrolls of teleportation {unknown}
 f - a scroll of acquirement {unknown}
 g - a scroll of blinking {unknown}
 i - 3 scrolls of torment {unknown}
 l - a scroll of vulnerability {unknown}
 m - 3 scrolls of identify {unknown}
 q - a scroll of fear {unknown}
 t - 2 scrolls of butterflies {unknown}
 u - 2 scrolls of poison {unknown}
 y - a scroll of amnesia {unknown}
Potions
 e - 2 potions of heal wounds {unknown}
 h - a potion of lignification {unknown}
 k - a potion of flight {unknown}
 p - 2 potions of berserk rage {unknown}
 s - a potion of mutation {unknown}
 v - a potion of magic {unknown}
 A - a potion of might {unknown}
 B - a potion of curing {unknown}


   Skills:
 - Level 2.1 Fighting
 + Level 6.4 Ranged Weapons
 + Level 1.2 Armour
 - Level 1.7 Dodging
 - Level 1.2 Stealth


You had 4 spell levels left.
You didn't know any spells.
Your spell library contained the following spells:

 Spells                   Type           Power      Damage    Failure   Level
 Freezing Cloud           Conj/Ice/Air   0%         6-21      100%        5
 Simulacrum               Ice/Necr       0%         N/A       100%        6
 Polar Vortex             Ice            0%         N/A       100%        9


Dungeon Overview and Level Annotations

Branches:
Dungeon (4/15)             Temple (0/1) D:4

Altars:
Ru
Xom
The Shining One

Shops:
D:1 (


Innate Abilities, Weirdness & Mutations

You cannot be hasted, slowed, berserked, paralysed or teleported.
You can dig through walls and to a lower floor.
You have a pair of large antennae on your head. (SInv)
Your four strong arms can wield two-handed weapons with a shield.


Message History

You shoot an arrow. The arrow hits the giant cockroach!
You kill the giant cockroach!
No target in view!
No target in view!
No target in view!
o - 18 poisoned darts (gained 4)
You pick up a book of Ice and begin reading...
You add the spells Freezing Cloud, Simulacrum and Polar Vortex to your library.
You sense a monster nearby.
No target in view!
You open the door.
An ogre comes into view. It is wielding a +0 giant club.
The ogre shouts!
Found a staircase to the Ecumenical Temple.
You shoot an arrow.
The arrow hits the ogre but does no damage.
You shoot an arrow. The arrow hits the ogre!
The ogre is heavily wounded.
The ogre hits you with a +0 giant club!
You shoot an arrow. The arrow hits the ogre.
The ogre is heavily wounded.
The ogre hits you with a +0 giant club.
You are too injured to fight recklessly!
You are too injured to fight recklessly!
You are too injured to fight recklessly!
You are too injured to fight recklessly!
Fire: a) +0 shortbow
Press: ? - help, Q - select action, (/) - cycle Shift-Dir - straight line, f/p - ogre
Aim: an ogre, wielding a +0 giant club (heavily wounded, 80% to hit)
You shoot an arrow. The arrow hits the ogre.
The ogre is almost dead.
The ogre hits you with a +0 giant club.
Fire: a) +0 shortbow
Press: ? - help, Q - select action, (/) - cycle Shift-Dir - straight line, f/p - ogre
Aim: an ogre, wielding a +0 giant club (almost dead, 80% to hit)
You shoot an arrow. The arrow hits the ogre.
The ogre is almost dead.
The ogre hits you with a +0 giant club!!
Ouch! That really hurt!
You die...

....#..........#############.#
#.
#####.>....................#.#
#.
.#.....#######.............#.#
#. .#.....# #.............#.#
#. ##.....# #.............#.#
#. #.....#####
##.############.# #.
#.........# #.##


PPP## #.###. #.........# #..#P...P# #..... #.........# ##@O..>.P# ######
#.........# ###P...P# #.........# PPP## #####.....# #.....# #.†...# #.....#
#.....# #.....# You could see an ogre.

Vanquished Creatures
  A scorpion (D:4)
  4 adders
  An ufetubus (D:4)
  A dart slug (D:1)
  An orc (D:3)
  10 endoplasms
  2 giant cockroaches
  7 hobgoblins
  3 quokkas
  5 ball pythons
  5 bats
  5 frilled lizards
  4 goblins
  2 kobolds
  10 rats
61 creatures vanquished.

Vanquished Creatures (others)
  3 plants (D:2)
3 creatures vanquished.

Grand Total: 64 creatures vanquished

Notes
Turn   | Place    | Note
-------+----------+-------------------------------------------
     0 | D:1      | jimonade the Formicid Hunter began the quest for the Orb.
     0 | D:1      | Reached XP level 1. HP: 16/16 MP: 1/1
     7 | D:1      | Noticed a komodo dragon
     7 | D:1      | Noticed a tyrant leech
     7 | D:1      | Noticed a servant of whispers
     8 | D:1      | Noticed a hell rat
     8 | D:1      | Noticed a stone giant
   240 | D:1      | Found Igeibbir's Weapon Shoppe.
   266 | D:1      | Reached XP level 2. HP: 22/22 MP: 2/2
   612 | D:1      | Reached XP level 3. HP: 27/27 MP: 3/3
   664 | D:1      | Reached skill level 5 in Ranged Weapons
  1665 | D:3      | Identified the +0 chain mail of Claustrophobia {-Tele rPois
                  | Str+4 Dex+5}
  1743 | D:3      | Reached XP level 4. HP: 32/33 MP: 4/4
  1756 | D:3      | Identified the +6 dagger of Inflation {drain, rPois rF+++
                  | rCorr Dex-5}
  2104 | D:3      | Found a sacrificial altar of Ru.
  2411 | D:4      | Noticed a scorpion
  2424 | D:4      | Killed a scorpion
  2425 | D:4      | Reached skill level 6 in Ranged Weapons
  2425 | D:4      | Reached skill level 1 in Armour
  2425 | D:4      | Reached XP level 5. HP: 28/38 MP: 5/5
  2835 | D:4      | Found a shimmering altar of Xom.
  3047 | D:4      | Found a glowing golden altar of the Shining One.
  3502 | D:4      | Found a staircase to the Ecumenical Temple.
  3502 | D:4      | Noticed an ogre
  3507 | D:4      | Mangled by an ogre

Illustrated notes

Levels and vault maps discovered:
D:1:      onia_arrival_zoo_common, layout_basic, serial_shops,
          nicolae_shop_advertising_works [nicolae_subvault_shop_adworks]
D:2:      wad_lake_hut, layout_basic
D:3:      layout_basic, nicolae_ru_the_path_less_chosen, serial_bayou_pond_a
D:4:      layout_basic, tso_oasis_becter, mainiacjoe_overflow_paths,
          minmay_temple_entry_enclosed_plants, kennysheep_generic_room_6

Skill      XL: |  1  2  3  4 |
---------------+-------------+-----
Ranged Weapons | 5 6 |  6.4
Armour         | 1 |  1.2
Fighting       | |  2.1
Dodging        | |  1.7
Stealth        | |  1.2

Action                   |  1- 3 |  4- 6 || total
-------------------------+-------+-------++-------
 Fire: Shortbow          |   102 |    71 ||   173
Armor: Leather armour    |     3 |       ||     3
       Chain mail        |     3 |    34 ||    37
Dodge: Dodged            |    16 |    35 ||    51

Table legend: (Time is in decaauts)
 A = Elapsed time spent in this place.
 B = Non-inter-level travel time spent in this place.
 C = Inter-level travel time spent in this place.
 D = Time resting spent in this place.
 E = Time spent auto-exploring this place.
 F = Levels seen in this place.
 G = Mean time per level.
                   A        B        C        D        E       F      G
               +--------+--------+--------+--------+--------+-----+--------+
         Total |   3608 |   3422 |    186 |     79 |   2862 |   4 |  902.0 |
       Dungeon |   3608 |   3422 |    186 |     79 |   2862 |   4 |  902.0 |
               +--------+--------+--------+--------+--------+-----+--------+

Top non-repeatable levels by time:
     D:4: 1117 daAuts
     D:1: 909 daAuts
     D:3: 848 daAuts
     D:2: 733 daAuts
